[ AOE2 MATCH · #506943216 ]
UnrankedItalians vs Bengalis
Player's team · WIN
Rival team · LOSS
[ REPLAY ANALYSIS · EXTRACTED FROM THE RECORDED GAME ]
Feudal
10:14
Castle
20:08
Imperial
—
| APM avg | 52.7 |
| APM peak | 103 |
| eAPM avg | 15.1 |
| Villagers / military | 51 / 21 |
Focus
⚔️ 20.1% · 🌾 79.9%
Knight ×6 · Archer ×5 · Scout Cavalry ×5 · Skirmisher ×4 · Fishing Ship ×3 · Mangonel ×1
Feudal
12:05
Castle
—
Imperial
—
| APM avg | 57.5 |
| APM peak | 91 |
| eAPM avg | 23.6 |
| Villagers / military | 46 / 15 |
Focus
⚔️ 37.2% · 🌾 62.8%
Spearman ×8 · Skirmisher ×7
Match map
Initial resources + every placement click. Lines = walls · curves = elevation contours. ◆ gold · ⬟ stone · ● berries · ✦ relic · ◌ wall gap
Your base· Open — 2t gap
VL Mano's base· Open — unwalled flank
Smoothed initial terrain · ◌ = detected wall gap · hover for details
Inputs per minute
— pierrehusson - - VL Mano
Build order — pierrehusson
127 actions detected in the replay
| 0:02 | Queue | Villager (Male) ×4 |
| 0:03 | Build | House |
| 1:20 | Queue | Villager (Male) |
| 1:20 | Queue | Villager (Male) |
| 1:57 | Queue | Villager (Male) |
| 1:57 | Queue | Villager (Male) |
| 2:00 | Build | Lumber Camp |
| 2:08 | Queue | Villager (Male) |
| 2:44 | Queue | Villager (Male) |
| 2:44 | Queue | Villager (Male) |
| 3:12 | Queue | Villager (Male) |
| 3:12 | Queue | Villager (Male) |
| 3:50 | Queue | Villager (Male) |
| 3:56 | Build | House |
| 4:13 | Queue | Villager (Male) |
| 4:13 | Queue | Villager (Male) |
| 4:37 | Build | Dock |
| 4:44 | Queue | Villager (Male) |
| 4:44 | Queue | Villager (Male) |
| 4:44 | Queue | Villager (Male) |
| 4:56 | Build | House |
| 5:08 | Queue | Villager (Male) |
| 5:08 | Queue | Villager (Male) |
| 5:08 | Queue | Villager (Male) |
| 5:50 | Queue | Villager (Male) |
| 5:51 | Queue | Villager (Male) |
| 5:54 | Queue | Fishing Ship |
| 5:55 | Queue | Fishing Ship |
| 6:15 | Queue | Villager (Male) |
| 6:33 | Queue | Villager (Male) |
| 6:43 | Queue | Fishing Ship |
| 7:04 | Queue | Villager (Male) |
| 7:22 | Research | Loom |
| 8:00 | Research | Feudal Age |
| 8:34 | Build | Lumber Camp |
| 9:13 | Build | Barracks |
| 9:33 | Queue | Villager (Male) |
| 9:41 | Build | House |
| 9:44 | Build | Palisade Wall |
| 9:49 | Build | Palisade Wall |
| 10:14 | Age | Feudal Age |
| 10:16 | Queue | Villager (Male) |
| 10:21 | Build | Stable |
| 10:25 | Research | Tech 906 |
| 10:31 | Research | Double-Bit Axe |
| 10:39 | Build | Mining Camp |
| 10:43 | Queue | Villager (Male) |
| 10:50 | Build | House |
| 10:53 | Build | Palisade Wall |
| 11:08 | Build | House |
| 11:24 | Build | Mill |
| 11:25 | Queue | Villager (Male) |
| 11:30 | Queue | Scout Cavalry |
| 11:30 | Queue | Scout Cavalry |
| 11:30 | Queue | Scout Cavalry |
| 11:33 | Queue | Villager (Male) |
| 11:55 | Build | Archery Range |
| 11:58 | Queue | Villager (Male) |
| 12:11 | Queue | Villager (Male) |
| 12:34 | Build | House |
| 12:42 | Queue | Archer |
| 12:56 | Queue | Villager (Male) |
| 13:08 | Queue | Villager (Male) |
| 13:13 | Queue | Archer |
| 13:19 | Build | House |
| 13:22 | Build | Blacksmith |
| 13:30 | Queue | Villager (Male) |
| 13:45 | Build | House |
| 13:49 | Queue | Villager (Male) |
| 14:00 | Queue | Archer |
| 14:01 | Queue | Archer |
| 14:01 | Queue | Archer |
| 14:22 | Build | Watch Tower |
| 14:27 | Build | Mining Camp |
| 14:34 | Queue | Villager (Male) |
| 14:41 | Queue | Villager (Male) |
| 15:10 | Queue | Skirmisher |
| 15:11 | Queue | Villager (Male) |
| 15:18 | Research | Fletching |
| 15:27 | Queue | Scout Cavalry |
| 15:27 | Queue | Scout Cavalry |
| 15:35 | Queue | Skirmisher |
| 15:49 | Queue | Villager (Male) |
| 15:53 | Build | Farm |
| 15:54 | Build | Farm |
| 15:55 | Build | Farm |
| 15:57 | Build | Farm |
| 15:58 | Build | Farm |
| 15:59 | Build | Farm |
| 16:12 | Queue | Villager (Male) |
| 16:40 | Queue | Villager (Male) |
| 17:10 | Build | Farm |
| 17:28 | Research | Castle Age |
| 17:38 | Research | Horse Collar |
| 17:47 | Queue | Skirmisher |
| 17:48 | Queue | Skirmisher |
| 18:05 | Build | Farm |
| 18:06 | Build | Farm |
| 18:06 | Build | Farm |
| 18:07 | Build | Farm |
| 18:07 | Build | Farm |
| 18:07 | Build | Farm |
| 18:07 | Build | Farm |
| 18:08 | Build | Farm |
| 18:08 | Build | Farm |
| 18:08 | Build | Farm |
| 18:08 | Build | Farm |
| 18:08 | Build | Farm |
| 18:44 | Research | Scale Barding Armor |
| 19:09 | Build | Stable |
| 20:08 | Age | Castle Age |
| 20:21 | Queue | Knight |
| 20:21 | Queue | Knight |
| 20:22 | Queue | Villager (Male) |
| 20:33 | Queue | Knight |
| 20:33 | Queue | Knight |
| 20:41 | Queue | Villager (Male) |
| 20:44 | Research | Bow Saw |
| 20:53 | Build | Siege Workshop |
| 21:16 | Queue | Villager (Male) |
| 21:18 | Queue | Knight |
| 21:19 | Queue | Knight |
| 21:20 | Queue | Villager (Male) |
| 21:41 | Queue | Villager (Male) |
| 21:50 | Queue | Mangonel |
| 22:04 | Queue | Villager (Male) |
| 22:04 | Queue | Villager (Male) |
Build order — VL Mano
124 actions detected in the replay
| 0:04 | Build | House |
| 0:11 | Queue | Villager (Male) |
| 0:12 | Queue | Villager (Male) |
| 0:12 | Queue | Villager (Male) |
| 0:22 | Queue | Villager (Male) |
| 1:21 | Queue | Villager (Male) |
| 1:21 | Queue | Villager (Male) |
| 1:48 | Queue | Villager (Male) |
| 1:48 | Queue | Villager (Male) |
| 2:26 | Build | Lumber Camp |
| 2:42 | Queue | Villager (Male) |
| 2:42 | Queue | Villager (Male) |
| 3:04 | Queue | Villager (Male) |
| 3:22 | Build | House |
| 3:35 | Queue | Villager (Male) |
| 3:35 | Queue | Villager (Male) |
| 3:42 | Build | House |
| 4:11 | Queue | Villager (Male) |
| 4:11 | Queue | Villager (Male) |
| 4:28 | Research | Loom |
| 4:51 | Queue | Villager (Male) |
| 4:51 | Queue | Villager (Male) |
| 4:51 | Queue | Villager (Male) |
| 5:03 | Queue | Villager (Male) |
| 5:03 | Queue | Villager (Male) |
| 5:49 | Queue | Villager (Male) |
| 5:50 | Queue | Villager (Male) |
| 5:52 | Queue | Villager (Male) |
| 5:52 | Queue | Villager (Male) |
| 6:24 | Queue | Villager (Male) |
| 6:45 | Build | Mill |
| 6:56 | Build | Palisade Wall |
| 6:58 | Build | Palisade Wall |
| 7:15 | Build | Palisade Wall |
| 7:30 | Build | Palisade Wall |
| 7:34 | Build | Palisade Wall |
| 7:37 | Build | Palisade Wall |
| 7:39 | Build | Palisade Wall |
| 7:44 | Queue | Villager (Male) |
| 7:45 | Queue | Villager (Male) |
| 7:45 | Queue | Villager (Male) |
| 7:58 | Build | Palisade Wall |
| 8:02 | Queue | Villager (Male) |
| 8:16 | Queue | Villager (Male) |
| 8:21 | Build | Palisade Wall |
| 8:49 | Build | Palisade Wall |
| 8:49 | Build | Palisade Wall |
| 8:55 | Build | Palisade Wall |
| 9:55 | Research | Feudal Age |
| 10:14 | Build | Palisade Wall |
| 10:16 | Build | Palisade Wall |
| 10:25 | Build | Barracks |
| 10:57 | Queue | Villager (Male) |
| 11:02 | Build | House |
| 11:03 | Build | House |
| 11:34 | Queue | Villager (Male) |
| 11:51 | Build | Mining Camp |
| 12:05 | Age | Feudal Age |
| 12:10 | Build | Archery Range |
| 12:11 | Queue | Spearman |
| 12:11 | Queue | Spearman |
| 12:17 | Research | Double-Bit Axe |
| 12:17 | Research | Double-Bit Axe |
| 12:33 | Build | Palisade Wall |
| 12:40 | Build | Watch Tower |
| 12:50 | Build | Palisade Wall |
| 12:52 | Build | Palisade Wall |
| 13:15 | Build | Palisade Wall |
| 13:21 | Build | Palisade Wall |
| 13:22 | Build | Palisade Wall |
| 13:24 | Queue | Spearman |
| 13:24 | Queue | Spearman |
| 13:26 | Queue | Skirmisher |
| 13:26 | Queue | Skirmisher |
| 13:36 | Build | Palisade Wall |
| 13:42 | Queue | Villager (Male) |
| 13:43 | Queue | Villager (Male) |
| 13:58 | Queue | Skirmisher |
| 14:09 | Queue | Villager (Male) |
| 14:09 | Queue | Villager (Male) |
| 14:11 | Queue | Villager (Male) |
| 14:23 | Queue | Spearman |
| 14:24 | Queue | Spearman |
| 14:25 | Queue | Skirmisher |
| 14:27 | Build | House |
| 14:34 | Queue | Villager (Male) |
| 14:37 | Build | House |
| 14:53 | Build | Watch Tower |
| 15:20 | Queue | Villager (Male) |
| 15:31 | Build | Market |
| 15:35 | Queue | Villager (Male) |
| 16:11 | Queue | Spearman |
| 16:11 | Queue | Spearman |
| 16:16 | Build | Lumber Camp |
| 16:33 | Build | Blacksmith |
| 16:40 | Queue | Skirmisher |
| 17:01 | Build | House |
| 17:02 | Build | House |
| 17:14 | Queue | Skirmisher |
| 17:14 | Queue | Skirmisher |
| 17:22 | Build | Palisade Wall |
| 17:43 | Queue | Villager (Male) |
| 17:43 | Queue | Villager (Male) |
| 17:48 | Build | Mining Camp |
| 18:38 | Queue | Villager (Male) |
| 18:38 | Queue | Villager (Male) |
| 18:39 | Queue | Villager (Male) |
| 18:44 | Build | Farm |
| 18:46 | Build | Farm |
| 18:46 | Build | Farm |
| 18:46 | Build | Farm |
| 18:58 | Build | Watch Tower |
| 19:02 | Research | Fletching |
| 19:02 | Research | Fletching |
| 19:17 | Build | Watch Tower |
| 19:35 | Build | Farm |
| 19:36 | Build | Farm |
| 19:38 | Build | Farm |
| 19:40 | Build | Farm |
| 19:40 | Build | Farm |
| 19:40 | Build | Farm |
| 20:17 | Build | Watch Tower |
| 20:24 | Queue | Villager (Male) |
| 20:38 | Build | Palisade Wall |
Match timeline
| 4:37 | pierrehusson · first_building Dock |
| 6:56 | VL Mano · wall_segment Palisade Wall x1 |
| 6:58 | VL Mano · wall_segment Palisade Wall x1 |
| 7:15 | VL Mano · wall_segment Palisade Wall x1 |
| 7:30 | VL Mano · wall_segment Palisade Wall x1 |
| 7:34 | VL Mano · wall_segment Palisade Wall x1 |
| 7:37 | VL Mano · wall_segment Palisade Wall x1 |
| 7:39 | VL Mano · wall_segment Palisade Wall x1 |
| 7:58 | VL Mano · wall_segment Palisade Wall x1 |
| 8:21 | VL Mano · wall_segment Palisade Wall x2 |
| 8:49 | VL Mano · wall_segment Palisade Wall x1 |
| 8:49 | VL Mano · wall_segment Palisade Wall x1 |
| 8:55 | VL Mano · wall_segment Palisade Wall x1 |
| 9:13 | pierrehusson · first_building Barracks |
| 9:44 | pierrehusson · wall_segment Palisade Wall x1 |
| 9:49 | pierrehusson · wall_segment Palisade Wall x1 |
| 10:14 | VL Mano · wall_segment Palisade Wall x1 |
| 10:14 | pierrehusson · age_up feudal |
| 10:16 | VL Mano · wall_segment Palisade Wall x1 |
| 10:21 | pierrehusson · first_building Stable |
| 10:25 | VL Mano · first_building Barracks |
| 10:53 | pierrehusson · wall_segment Palisade Wall x6 |
| 11:55 | pierrehusson · first_building Archery Range |
| 12:05 | VL Mano · age_up feudal |
| 12:10 | VL Mano · first_building Archery Range |
| 12:33 | VL Mano · wall_segment Palisade Wall x1 |
| 12:50 | VL Mano · wall_segment Palisade Wall x1 |
| 12:52 | VL Mano · wall_segment Palisade Wall x1 |
| 13:15 | VL Mano · wall_segment Palisade Wall x2 |
| 13:21 | VL Mano · wall_segment Palisade Wall x2 |
| 13:22 | VL Mano · wall_segment Palisade Wall x2 |
| 13:36 | VL Mano · wall_segment Palisade Wall x1 |
| 17:22 | VL Mano · wall_segment Palisade Wall x4 |
| 20:08 | pierrehusson · age_up castle |
| 20:38 | VL Mano · wall_segment Palisade Wall x1 |
| 20:53 | pierrehusson · first_building Siege Workshop |
| 22:07 | VL Mano · resign |
[ AI ANALYSIS · 1 CREDIT ]
What really happened in this match?
Wolo.gg analyzes every decision: build order, eco, micro, common mistakes by bracket. Personalized analysis on WhatsApp or Discord in 30 seconds.
Civ guide
Italians
Perfil
Jugador #764199